 Dungeon Crawl Stone Soup version 0.26.1-11-gd32895ea62 (webtiles) character file.

Game seed: 13343056162011521931

163 H0rd4k the Insei (level 5, -4/33 HPs)
             Began as an Octopode Transmuter on June 15, 2021.
             Slain by Sigmund
             ... wielding a +0 scythe
              (19 damage)
             ... on level 3 of the Dungeon.
             The game lasted 00:03:12 (3134 turns).

H0rd4k the Insei (Octopode Transmuter)              Turns: 3134, Time: 00:03:13

Health: -4/33      AC:  1    Str: 10    XL:     5   Next: 44%
Magic:  6/9        EV: 13    Int: 16    God:
Gold:   144        SH:  0    Dex: 12    Spells: 6/10 levels left

rFire    . . .     SeeInvis .     - Unarmed
rCold    . . .     Faith    .   (no shield)
rNeg     . . .     Spirit   .   (helmet restricted)
rPois    .         Reflect  .   (no amulet)
rElec    .         Harm     .   (no ring)
rCorr    .         Rampage  .   (no ring)
Will     .....                  (no ring)
Stlth    ++........             (no ring)
HPRegen  0.11/turn              (no ring)
MPRegen  0.11/turn              (no ring)
                                (no ring)
                                (no ring)

@: confused
A: almost no armour, stealthy swim, amphibious, 8 rings, constrict 8, camouflage
1, gelatinous body 1
a: no special abilities


You were on level 3 of the Dungeon.
You visited 1 branch of the dungeon, and saw 3 of its levels.

You collected 144 gold pieces.

Inventory:

Missiles
 c - 28 poisoned darts (quivered)
Wands
 k - a wand of acid (6)
Scrolls
 a - 4 scrolls of identify {unknown}
 b - 2 scrolls of enchant armour {unknown}
 d - a scroll of remove curse {unknown}
 f - a scroll of blinking {unknown}
 g - 2 scrolls of amnesia {unknown}
 h - a scroll of teleportation {unknown}
 j - a scroll of magic mapping {unknown}
 m - a scroll of fog {unknown}
Potions
 e - a potion of heal wounds {unknown}
 i - 2 potions of degeneration {unknown}
 l - a potion of invisibility {unknown}


   Skills:
 + Level 1.0 Fighting
 + Level 0.5 Throwing
 + Level 2.5 Dodging
 - Level 1.0 Stealth
 + Level 4.2 Unarmed Combat
 * Level 3.0 Spellcasting
 * Level 2.5 Transmutations
 * Level 1.4 Poison Magic


You had 6 spell levels left.
You knew the following spells:

 Your Spells              Type           Power        Failure   Level
a - Beastly Appendage     Tmut           20%          6%          1
b - Spider Form           Tmut/Pois      4%           24%         3

Your spell library contained the following spells:

 Spells                   Type           Power        Failure   Level
 Wereblood                Tmut           10%          10%         2
 Ice Form                 Ice/Tmut       6%           73%         4
 Blade Hands              Tmut           5%           87%         5


Dungeon Overview and Level Annotations

Branches:
Dungeon (3/15)

Altars:

Annotations:
D:3 Sigmund


Innate Abilities, Weirdness & Mutations

You cannot wear most types of armour.
You are very stealthy in the water. (Stealth+)
You are amphibious.
You can wear up to eight rings at the same time.
You can use your tentacles to constrict eight enemies at once.
Your skin changes colour to match your surroundings (Stealth+).
Your rubbery body absorbs attacks. (AC +1, EV +1)


Message History

Your transformation is almost over.
Sigmund points at himself and mumbles some strange words.
Sigmund flickers and vanishes!
Deactivating autopickup; reactivate with Ctrl-A.
You bump into the rock wall.
You hear some strange, mumbled words.
You are more confused.
You bump into the rock wall.
Something hits you!
You bump into the rock wall.
You hear some strange, mumbled words.
You are more confused.
You bump into the rock wall.
Something hits you.
Your transformation has ended.
You bump into the rock wall.
You hear some strange, mumbled words.
Something tries to affect you, but you resist.
You bump into the rock wall.
You bump into the rock wall.
Something hits you!!
Ouch! That really hurt!
You die...

#####.#### ####
#.#.# #.# #..
#.#.#### #.# #.#
#.......
#.######.#####
###...###
#......(.....#
#.......#
#.#####.(###.#
#.......# #†#
#..###.#
#.##...)....
#####.#####..$...#
#....)......
#....†....<.####@#
####.##.....
#.###)####### #.#
#. #)##.# #.....#
#.# #...>...#
#####.# #.#
##...#### #†# #.#
#..## #.#######
#.# #..
#####........ ..#
#.. #........####
... ......##.#


There were no monsters in sight!

Vanquished Creatures
  Terence (D:2)
  Robin (D:3)
  4 adders (D:2)
  4 worms (D:2)
  2 dart slugs
  2 leopard geckos
  An orc (D:3)
  5 giant cockroaches
  15 goblins
  11 hobgoblins
  2 jackals (D:2)
  2 quokkas (D:2)
  4 ball pythons
  2 bats
  6 frilled lizards
  4 kobolds
  8 rats
74 creatures vanquished.

Notes
Turn   | Place    | Note
-------+----------+-------------------------------------------
     0 | D:1      | H0rd4k the Octopode Transmuter began the quest for the Orb.
     0 | D:1      | Reached XP level 1. HP: 13/13 MP: 3/3
   182 | D:1      | Reached XP level 2. HP: 18/18 MP: 5/5
  1373 | D:2      | Reached skill level 1 in Stealth
  1373 | D:2      | Reached XP level 3. HP: 22/23 MP: 6/6
  1377 | D:2      | Learned a level 3 spell: Spider Form
  1571 | D:2      | Reached XP level 4. HP: 8/28 MP: 7/7
  1795 | D:2      | Noticed Terence
  1825 | D:2      | Killed Terence
  1826 | D:2      | Reached skill level 1 in Poison Magic
  2296 | D:2      | Reached skill level 4 in Unarmed Combat
  2296 | D:2      | Reached XP level 5. HP: 21/33 MP: 9/9
  2663 | D:3      | Noticed Robin
  2684 | D:3      | Killed Robin
  3103 | D:3      | Noticed Sigmund
  3134 | D:3      | Slain by Sigmund

Illustrated notes

Levels and vault maps discovered:
D:1:      co_arrival_square_in_a_square_in_a_square, layout_basic
D:2:      layout_basic, uniq_terence
D:3:      layout_loops_ring, uniq_robin, uniq_sigmund

Skill      XL: |  1  2  3  4  5 |
---------------+----------------+-----
Stealth        | 1 |  1.0
Poison Magic   | 1 |  1.4
Unarmed Combat | 4 |  4.2
Spellcasting   | 3 |  3.0
Fighting       | |  1.0
Throwing       | |  0.5
Dodging        | |  2.5
Transmutations | |  2.5

Action                   |  1- 3 |  4- 6 || total
-------------------------+-------+-------++-------
Melee: Unarmed           |    67 |   113 ||   180
       Constrict         |    22 |    24 ||    46
       Tentacles         |     8 |    15 ||    23
       Punch             |     3 |     2 ||     5
Throw: Dart              |     3 |     6 ||     9
 Cast: Spider Form       |       |     2 ||     2
 Stab: Sleeping          |     3 |     8 ||    11
       Distracted        |       |     2 ||     2
Armor: Skin              |     6 |     6 ||    12
Dodge: Dodged            |    39 |    57 ||    96
